AoeStats
← TIMVP

Arabia

509632604Analyzed
1v1 RM · 3d ago on Sep 27, 2026· 23m 40s· 2 players
Game mode
Random Map
Map size
Tiny (2 player)
Population
200
Speed
Normal
Resources
Standard
Victory
Conquest
Starting age
Dark Age
Ending age
Imperial Age
RankedLock teamsTeams togetherTeam positionsShared explorationLock speedFull tech treeHidden civsTurbo modeCheats
Victory
Defeat
🇨🇱 Goths · Chile
496
+15
🇵🇪 Danes · Peru
479
-15
TIMVP
3:49 Loom
4:18 Loom
9:01 Loom
11:05 Feudal Age
12:28 Wheelbarrow
11:47 Double-Bit Axe
12:08 Man-at-Arms
14:39 Stone Mining
21:48 Castle Age
23:16 Horse Collar
p.lagosfr
0:43 Loom
10:33 Feudal Age
11:02 Double-Bit Axe
11:35 Man-at-Arms
14:44 Horse Collar
16:50 Forging
16:40 Scale Mail Armor
21:31 Castle Age
21:16 Gold Mining
21:43 Long Swordsman
23:23 Bow Saw
23:56 Squires
Connection lost

Rejoining the realm…

Still unreachable

The connection could not be restored.

Session expired

The server has moved on; the page needs a fresh start.